 Dungeon Crawl Stone Soup version 0.25-a0-835-gb37b1c2 (webtiles) character file.

Game seed: 17367968795337131540, levelgen mode: deterministic

526 Atlas the Shield-Bearer (level 7, -8/55 HPs)
             Began as a Formicid Fighter on Apr 23, 2020.
             Was an Initiate of Okawaru.
             Mangled by an orc warrior
             ... wielding a +0 dire flail
              (13 damage)
             ... in the Ecumenical Temple.
             The game lasted 00:03:21 (3036 turns).

Atlas the Shield-Bearer (Formicid Fighter)          Turns: 3036, Time: 00:03:21

Health: -8/55      AC:  7    Str: 22    XL:     7   Next: 47%
Magic:  7/7        EV:  9    Int:  8    God:    Okawaru [......]
Gold:   256        SH: 10    Dex: 10    Spells: 6/6 levels left

rFire    . . .     SeeInvis +   a - +0 long sword
rCold    . . .     Gourm    .   c - +0 kite shield
rNeg     . . .     Faith    .   b - +0 scale mail
rPois    .         Spirit   .   (helmet unavailable)
rElec    .         Reflect  .   (no cloak)
rCorr    .         Harm     .   (no gloves)
MR       +....                  (no boots)
Stlth    ..........             (no amulet)
HPRegen  0.18/turn              k - ring of protection from magic
MPRegen  0.10/turn              (no ring)

@: mighty, stab
A: permanent stasis, dig shafts and tunnels, four strong arms, antennae 3
a: Dig, Shaft Self, Renounce Religion


You were in the Ecumenical Temple.
You worshipped Okawaru.
Okawaru was noncommittal.
You were hungry.

You visited 2 branches of the dungeon, and saw 5 of its levels.

You collected 256 gold pieces.

Inventory:

Hand Weapons
 a - a +0 long sword (weapon)
Missiles
 s - a throwing net (quivered)
 u - a curare-tipped dart
Armour
 b - a +0 scale mail (worn)
 c - a +0 kite shield (worn)
Jewellery
 k - a ring of protection from magic (left hand)
Scrolls
 e - 3 scrolls of teleportation {unknown}
 i - 2 scrolls of remove curse {unknown}
 l - a scroll of enchant weapon {unknown}
 o - 2 scrolls of identify {unknown}
 r - a scroll of noise {unknown}
 t - a scroll of fear {unknown}
Potions
 d - a potion of might
 g - a potion of flight {unknown}
 j - a potion of berserk rage {unknown}
 m - 2 potions of stabbing
 n - a potion of resistance {unknown}
 p - a potion of brilliance {unknown}
 q - a potion of haste {unknown}
 w - a potion of cancellation {unknown}
Comestibles
 f - 8 rations


   Skills:
 + Level 4.9 Fighting
 + Level 4.7 Long Blades
 + Level 4.3 Armour
 + Level 1.8 Dodging
 + Level 0.5 Stealth
 + Level 5.3 Shields


You had 6 spell levels left.
You didn't know any spells.
Your spell library was empty.

Dungeon Overview and Level Annotations

Branches:
Dungeon (4/15)             Temple (1/1) D:4

Altars:
Dithmenos
Elyvilon
Fedhas
Gozag
Nemelex Xobeh
Okawaru
Ru
Trog
Uskayaw
Vehumet
Wu Jian
Yredelemnul
Zin


Innate Abilities, Weirdness & Mutations

You cannot be hasted, slowed, berserked, paralysed or teleported.
You can dig through walls and to a lower floor.
Your four strong arms can wield two-handed weapons with a shield.
You have a pair of large antennae on your head. (SInv)


Message History

You block the orc warrior's attack. You block the phantom's attack.
The orc hits you but does no damage.
Unknown command.
You closely miss the orc warrior.
The orc warrior is heavily wounded.
You block the orc warrior's attack. The phantom hits you.
* * * LOW HITPOINT WARNING * * *
The phantom blinks!
The orc hits you with a +0 whip.
* * * LOW HITPOINT WARNING * * *
Unknown command.
You hit the orc warrior but do no damage.
The orc warrior is heavily wounded.
You block the orc warrior's attack. You block the orc's attack.
Your shield and scale mail prevent you from hitting the orc warrior.
The orc warrior is heavily wounded.
You block the orc warrior's attack. You block the orc's attack.
You hit the orc warrior.
The orc warrior is severely wounded.
The orc warrior hits you with a +0 dire flail!
You die...

#≈≈≈.._..≈≈≈##
#≈≈≈_......≈≈≈##########
≈≈≈≈≈≈..._..≈≈≈≈≈≈≈≈≈≈≈≈
≈≈≈≈≈≈≈≈.....≈≈≈._...._.
....≈≈≈≈≈....≈≈≈≈.._...≈
........≈....≈≈≈......≈≈
≈≈≈≈........≈≈≈......≈≈≈
≈.........≈≈≈......≈≈≈≈#
.......@W.......≈≈≈≈≈≈##
..≈≈≈.oo......≈≈≈≈≈≈.≈≈#
≈≈≈........≈≈≈≈≈≈._...≈≈
≈≈....≈................≈
≈≈....≈≈≈≈≈.........._..
≈≈.....≈≈≈≈≈≈≈≈≈.._.....
≈≈≈.._...≈≈≈≈≈≈≈≈≈≈≈≈≈≈≈
#≈≈≈......_≈≈≈#########
._..≈≈≈##


You could see a phantom, an orc warrior and an orc.

Vanquished Creatures
  Grinder (D:3)
  An orc priest (D:4)
  A hound (D:4)
  Natasha (D:2)
  3 orc wizards (D:4)
  A hound skeleton (D:4)
  Robin (D:2)
  4 adders
  A shadow imp (D:2)
  An adder skeleton (D:4)
  2 worms
  3 dart slugs
  4 leopard geckos
  6 orcs
  2 giant cockroaches
  17 goblins
  5 hobgoblins
  6 jackals
  2 quokkas (D:2)
  A ball python (D:2)
  8 bats
  3 frilled lizards
  7 kobolds
  7 rats
88 creatures vanquished.

Notes
Turn   | Place    | Note
-------+----------+-------------------------------------------
     0 | D:1      | Atlas the Formicid Fighter began the quest for the Orb.
     0 | D:1      | Reached XP level 1. HP: 18/18 MP: 1/1
    80 | D:1      | Reached XP level 2. HP: 24/24 MP: 2/2
   594 | D:2      | Reached XP level 3. HP: 22/29 MP: 3/3
   595 | D:2      | Reached skill level 4 in Shields
   943 | D:2      | Reached XP level 4. HP: 35/37 MP: 4/4
   957 | D:2      | Found an opulent altar of Gozag.
  1135 | D:2      | Noticed Robin
  1161 | D:2      | Killed Robin
  1501 | D:2      | Noticed Natasha
  1509 | D:2      | Killed Natasha
  1509 | D:2      | Reached XP level 5. HP: 42/42 MP: 5/5
  1896 | D:3      | Noticed Grinder
  1912 | D:3      | Killed Grinder
  1912 | D:3      | Reached skill level 1 in Dodging
  1912 | D:3      | Reached skill level 5 in Shields
  1912 | D:3      | Reached XP level 6. HP: 44/49 MP: 6/6
  2609 | D:3      | Reached XP level 7. HP: 55/55 MP: 7/7
  2840 | D:4      | Found a staircase to the Ecumenical Temple.
  2892 | Temple   | Entered the Ecumenical Temple
  2999 | Temple   | Became a worshipper of Warmaster Okawaru
  3026 | D:4      | HP: 2/55 [orc warrior/+0 dire flail (20)]
  3036 | Temple   | Mangled by an orc warrior

Levels and vault maps discovered:
D:1:      lightli_arrival_lavapool, layout_basic
D:2:      minmay_angry_zag, layout_loops_ring,
          nicolae_gozag_cash_rules_everything_around_me, uniq_robin,
          uniq_natasha
D:3:      layout_basic, uniq_grinder
D:4:      layout_rooms, minmay_temple_entry_drinking_statues
Temple:   hc_temple_tempest_star

Skill      XL: |  1  2  3  4  5 |
---------------+----------------+-----
Shields        | 4 5 |  5.3
Long Blades    | 3 4 |  4.7
Fighting       | 4 |  4.9
Armour         | 4 |  4.3
Dodging        | 1 |  1.8
Stealth        | |  0.5

Action                   |  1- 3 |  4- 6 |  7- 9 || total
-------------------------+-------+-------+-------++-------
Melee: Long sword        |   101 |   155 |    50 ||   306
  Use: Potion            |       |       |     5 ||     5
  Eat: Chunk             |       |     6 |     1 ||     7
Armor: Scale mail        |    51 |    59 |    25 ||   135
Dodge: Dodged            |    56 |    65 |    26 ||   147
Block: Kite shield       |    67 |    77 |    42 ||   186
       Rpst.: Long sword |    21 |    21 |    12 ||    54

Table legend:
 A = Non-vault XP
 B = Vault XP
 C = Vault XP percentage of total XP
 D = Non-vault monster count
 E = Vault monster count
 F = Vault count percentage of total count
                 A         B        C        D         E       F
            +---------+---------+-------+---------+---------+-------
      Total |     393 |     359 |  47.7 |      73 |      15 |  17.0
            +---------+---------+-------+---------+---------+-------
        D:1 |      22 |       0 |   0.0 |      12 |       0 |   0.0
        D:2 |      69 |      82 |  54.3 |      30 |      14 |  31.8
        D:3 |      82 |     277 |  77.2 |      23 |       1 |   4.2
        D:4 |     220 |       0 |   0.0 |       8 |       0 |   0.0
            +---------+---------+-------+---------+---------+-------
